AoeStats
← jbw6792

Arena

509855386Analyzed
4v4 RM · 4d ago on Sep 28, 2026· 61m 40s· 8 players
Game mode
Random Map
Map size
Large (8 player)
Population
200
Speed
Normal
Resources
Standard
Victory
Conquest
Starting age
Dark Age
Ending age
Imperial Age
RankedLock teamsTeams togetherTeam positionsShared explorationLock speedFull tech treeHidden civsTurbo modeCheats
Victory
Defeat
🇪🇸 Britons · Spain
925
+11
🇮🇳 Shu · India
917
+11
🇦🇺 Varangians · Australia
910
+11
🇨🇳 Turks · China
685
+20
🇲🇾 Persians · Malaysia
867
-16
🇹🇼 Bengalis · Taiwan
827
-14
🇹🇼 Bohemians · Taiwan
789
-13
🇨🇳 Goths · China
715
-10
認真玩世紀
10:55 Feudal Age
12:06 Loom
16:04 Castle Age
15:34 Double-Bit Axe
18:13 Pikeman
21:04 Fletching
22:14 Elite Skirmisher
22:58 Bodkin Arrow
23:16 Loom
27:03 Padded Archer Armor
31:57 Wheelbarrow
32:02 Leather Archer Armor
35:29 Imperial Age
32:53 Town Watch
33:04 Light Cavalry
33:46 Husbandry
36:11 Chemistry
35:32 Ballistics
35:53 Wagenburg Tactics
37:31 Hand Cart
39:44 Bow Saw
40:27 Houfnice
41:28 Bracer
41:58 Ring Archer Armor
49:08 Onager
Blues_1111
12:03 Feudal Age
12:32 Double-Bit Axe
17:46 Stone Mining
20:30 Castle Age
18:34 Horse Collar
24:13 Husbandry
24:25 Scale Barding Armor
26:27 Wheelbarrow
25:46 Gold Mining
26:29 Bow Saw
26:20 Heavy Plow
28:53 Chain Barding Armor
30:25 Gold Shaft Mining
32:33 Forging
32:57 Hand Cart
39:41 Imperial Age
37:30 Bloodlines
38:18 Iron Casting
39:19 Cavalier
40:47 Plate Barding Armor
41:49 Conscription
42:44 Savar
44:12 Crop Rotation
43:30 Loom
44:47 Two-Man Saw
46:07 Blast Furnace
56:18 Elite Skirmisher
57:00 Light Cavalry
59:43 Hussar
LLHKHAIHDIUA
3:02 Loom
9:40 Feudal Age
10:38 Double-Bit Axe
17:30 Castle Age
19:11 Bow Saw
19:57 Wheelbarrow
19:49 Horse Collar
21:10 Hand Cart
22:20 Heavy Plow
30:28 Imperial Age
28:31 Gold Mining
28:32 Stone Mining
28:55 Forging
28:46 Scale Mail Armor
30:09 Stone Shaft Mining
29:56 Anarchy
30:54 Iron Casting
30:57 Chain Mail Armor
30:11 Man-at-Arms
30:54 Squires
30:42 Capped Ram
32:01 Crop Rotation
32:14 Ballistics
32:57 Chemistry
31:38 Treadmill Crane
33:55 Blast Furnace
35:04 Scale Barding Armor
34:50 Fletching
36:03 Two-Man Saw
35:38 Conscription
36:32 Perfusion
36:06 Long Swordsman
36:39 Two-Handed Swordsman
37:03 Champion
39:37 Heavy Scorpion
40:56 Padded Archer Armor
40:29 Pikeman
45:34 Ballistics
45:10 Murder Holes
49:44 Chain Barding Armor
50:27 Husbandry
50:37 Bloodlines
49:48 Light Cavalry
50:09 Elite Huskarl
50:30 Cavalier
51:50 Hussar
54:43 Elite Skirmisher
55:26 Bodkin Arrow
55:46 Leather Archer Armor
u9313317
0:28 Loom
13:22 Feudal Age
15:22 Horse Collar
17:59 Castle Age
18:28 Double-Bit Axe
23:34 Heavy Plow
26:25 Fletching
34:04 Imperial Age
32:16 Wheelbarrow
31:23 Elite Skirmisher
32:01 Bodkin Arrow
33:02 Padded Archer Armor
35:00 Bracer
35:30 Leather Archer Armor
39:58 Chemistry
40:09 Forging
40:04 Scale Barding Armor
40:14 Bloodlines
41:25 Husbandry
40:46 Light Cavalry
44:37 Crop Rotation
45:52 Paiks
46:37 Bow Saw
48:17 Hand Cart
49:11 Town Watch
50:57 Chain Barding Armor
51:13 Iron Casting
51:12 Elite Battle Elephant
52:45 Mahayana
59:08 Town Patrol
jbw6792
11:11 Feudal Age
14:59 Castle Age
13:12 Double-Bit Axe
14:31 Stone Mining
17:56 Loom
20:59 Wheelbarrow
31:16 Imperial Age
29:10 Horse Collar
29:44 Bow Saw
29:33 Gold Mining
30:26 Stone Shaft Mining
30:04 Scale Mail Armor
30:15 Forging
31:06 Hand Cart
31:02 Squires
30:50 Arson
31:38 Elite Varangian Guard
32:44 Chain Mail Armor
33:34 Conscription
32:39 Gothikon
33:50 Heavy Plow
35:08 Two-Man Saw
37:47 Plate Mail Armor
40:34 Guilds
40:22 Treadmill Crane
43:55 Iron Casting
43:29 Scale Barding Armor
43:05 Elite Jarl
45:18 Crop Rotation
46:38 Blast Furnace
45:59 Chain Barding Armor
50:18 Plate Barding Armor
51:38 Caravan
YellowyGnu8986
0:28 Loom
11:38 Feudal Age
13:26 Horse Collar
15:50 Castle Age
14:23 Double-Bit Axe
15:37 Wheelbarrow
15:29 Gold Mining
16:31 Heavy Plow
16:47 Bow Saw
19:27 Hand Cart
22:24 Stone Mining
23:38 Gold Shaft Mining
31:34 Imperial Age
31:48 Forging
31:29 Fletching
31:40 Padded Archer Armor
32:05 Ballistics
32:05 Squires
31:51 Arson
32:36 Conscription
32:18 Artillery
33:04 Thumb Ring
33:56 Iron Casting
33:21 Bodkin Arrow
34:38 Leather Archer Armor
36:12 Two-Man Saw
36:51 Blast Furnace
35:52 Bracer
39:49 Ring Archer Armor
39:52 Fervor
40:11 Sanctity
41:37 Scale Barding Armor
42:44 Bloodlines
42:35 Husbandry
43:02 Chain Barding Armor
62:03 Town Watch
LeonMastin
2:30 Loom
10:50 Feudal Age
11:27 Double-Bit Axe
16:47 Horse Collar
19:57 Castle Age
19:05 Loom
23:13 Wheelbarrow
24:42 Padded Archer Armor
24:32 Fletching
27:13 Ballistics
30:59 Imperial Age
31:11 Treadmill Crane
31:27 Murder Holes
31:43 Masonry
31:52 Leather Archer Armor
31:56 Town Watch
32:54 Gold Mining
32:54 Stone Mining
33:42 Conscription
34:45 Chemistry
34:32 Hoardings
33:58 Murder Holes
33:43 Elite Skirmisher
34:40 Cranequins
36:46 Gold Shaft Mining
36:54 Husbandry
36:15 Light Cavalry
37:05 Heavy Mounted Crossbowman
38:09 Heavy Plow
38:28 Bow Saw
39:12 Bodkin Arrow
39:47 Ring Archer Armor
39:27 Scale Barding Armor
42:24 Fortified Wall
42:46 Hand Cart
42:31 Town Patrol
44:25 Yeomen
45:37 Pikeman
46:18 Squires
46:03 Arson
47:43 Bracer
48:04 Chain Barding Armor
48:01 Halberdier
52:45 Scale Mail Armor
52:55 Forging
53:21 Warwolf
53:57 Hoardings
56:04 Two-Man Saw
LetRapier1966
0:35 Loom
10:26 Feudal Age
11:03 Double-Bit Axe
12:59 Wheelbarrow
13:43 Horse Collar
19:56 Castle Age
18:59 Stone Mining
19:01 Gold Mining
19:32 Scale Mail Armor
21:16 Bow Saw
22:16 Hand Cart
41:42 Thumb Ring
45:35 Imperial Age
45:24 Crossbowman
46:05 Fletching
46:16 Padded Archer Armor
46:05 Arbalester
48:26 Bodkin Arrow
48:48 Leather Archer Armor
48:28 Bodkin Arrow
48:49 Leather Archer Armor
49:36 Chemistry
48:57 Ballistics
49:20 Conscription
49:17 Bolt Magazine
51:26 Gold Shaft Mining
52:07 Bracer
52:39 Ring Archer Armor
52:55 Ballistics
57:44 Chain Mail Armor
57:42 Forging
57:17 Elite White Feather Guard
57:59 Coiled Serpent Array
60:40 Plate Mail Armor
Connection lost

Rejoining the realm…

Still unreachable

The connection could not be restored.

Session expired

The server has moved on; the page needs a fresh start.